 Dungeon Crawl Stone Soup version 0.20-a0-299-gec7c366 (webtiles) character file.

5187 snakesoul the Archer (level 10, -6/88 HPs)
             Began as a Centaur Hunter on Dec 15, 2016.
             Was an Elder of Okawaru.
             Shot with a bolt by a yaktaur captain (23 damage)
             ... on level 8 of the Dungeon.
             The game lasted 00:36:12 (10024 turns).

snakesoul the Archer (Centaur Hunter)              Turns: 10024, Time: 00:36:13

Health: -6/88      AC: 11    Str: 16    XL:     10   Next: 34%
Magic:  8/10       EV: 15    Int: 10    God:    Okawaru [****..]
Gold:   509        SH:  0    Dex: 12    Spells: 9/9 levels left

rFire  + . .     SeeInvis .     a - +1 shortbow
rCold  . . .     Gourm    .     r - +2 ring mail {rF+}
rNeg   . . .     Faith    .     (shield currently unavailable)
rPois  .         Spirit   .     (no helmet)
rElec  .         Reflect  .     E - +0 cloak
rCorr  .         Harm     .     O - +0 pair of gloves
MR     .....                    (no barding)
Stlth  ++........               (no amulet)
                                p - +2 ring of evasion
                                e - +2 ring of evasion

@: heroism, very quick
A: hooves 3, deformed body, speed 2, tough skin 3
a: Heroism, Renounce Religion


You were on level 8 of the Dungeon.
You worshipped Okawaru.
Okawaru was greatly pleased with you.
You were not hungry.

You visited 1 branch of the dungeon, and saw 8 of its levels.

You collected 509 gold pieces.

Inventory:

Hand Weapons
 a - a +1 shortbow (weapon)
 g - a +1 spear of venom
 I - a +4 trident
Missiles
 d - 153 arrows (quivered)
Armour
 l - a +0 chain mail
 r - a +2 ring mail of fire resistance (worn)
 E - a +0 cloak (worn)
 O - a +0 pair of gloves (worn)
Jewellery
 c - an uncursed ring of protection from magic
 e - a +2 ring of evasion (left hand)
 h - an uncursed ring of positive energy
 p - a +2 ring of evasion (right hand)
 t - an uncursed ring of positive energy
 z - an uncursed ring of ice {unknown}
 C - an uncursed ring of protection from fire {unknown}
 F - an uncursed ring of ice {unknown}
Wands
 w - a wand of polymorph (5/24)
 S - a wand of lightning (4/15)
Scrolls
 b - a scroll of blinking {unknown}
 m - 2 scrolls of remove curse
 s - 2 scrolls of enchant weapon {unknown}
 v - 2 scrolls of teleportation {unknown}
 y - 6 scrolls of identify {unknown}
 A - 2 scrolls of recharging {unknown}
 G - 2 scrolls of amnesia {unknown}
 K - a scroll of fear {unknown}
 L - a scroll of random uselessness {unknown}
 P - a scroll of magic mapping {unknown}
Potions
 i - 2 potions of curing {unknown}
 j - 2 potions of ambrosia {unknown}
 k - 2 potions of cure mutation {unknown}
 n - a potion of beneficial mutation {unknown}
 o - a potion of flight {unknown}
 q - 3 potions of heal wounds {unknown}
 u - a potion of mutation {unknown}
 B - a potion of invisibility {unknown}
 D - a potion of degeneration {unknown}
 N - a potion of haste {unknown}
 T - a potion of might {unknown}
Books
 J - a book of Flames

   Spells                             Type                      Level
   a - Flame Tongue                   Conjuration/Fire             1
   b - Throw Flame                    Conjuration/Fire             2
   c - Conjure Flame                  Conjuration/Fire             3
   d - Inner Flame                    Hexes/Fire                   3
   e - Sticky Flame                   Conjuration/Fire             4
   f - Fireball                       Conjuration/Fire             5
 M - a book of Minor Magic

   Spells                             Type                      Level
   a - Magic Dart                     Conjuration                  1
   b - Blink                          Translocation                2
   c - Call Imp                       Summoning                    2
   d - Repel Missiles                 Charms/Air                   2
   e - Slow                           Hexes                        2
   f - Conjure Flame                  Conjuration/Fire             3
   g - Mephitic Cloud                 Conjuration/Poison/Air       3
Comestibles
 f - 5 bread rations
 x - 3 meat rations
 H - a beef jerky
 Q - 24 fruits
 R - 3 chunks of flesh


   Skills:
 + Level 8.1(13.1) Fighting
 + Level 6.6(11.6) Polearms
 * Level 14.5(19.5) Bows
 - Level 1.3(6.3) Dodging
 - Level 0.4(5.4) Stealth


You had 9 spell levels left.
You didn't know any spells.

Dungeon Overview and Level Annotations

Branches:
Dungeon (8/15)             Temple (0/1) D:7
   Lair: D:8-11

Altars:
Elyvilon
Gozag
Makhleb
Okawaru
Sif Muna
Xom
Yredelemnul
Zin


Innate Abilities, Weirdness & Mutations

You have hooves in place of feet.
Armour fits poorly on your strangely shaped body.
You cover ground very quickly.
You have extremely tough skin. (AC +3)


Message History

Aim: a yaktaur captain, wielding an arbalest (lightly wounded)
You shoot an arrow.
The arrow completely misses the yaktaur captain.
Firing (i - inventory):
d - 155 arrows (quivered)
Press: ? - help, Shift-Dir - straight line, f/p - yaktaur captain
Aim: a yaktaur captain, wielding an arbalest (lightly wounded)
You shoot an arrow. The arrow hits the yaktaur captain.
The yaktaur captain is lightly wounded.
The yaktaur captain shoots a bolt.
The bolt hits you!!!
* * * LOW HITPOINT WARNING * * *
You gain the combat prowess of a mighty hero.
Unknown command.
You are too injured to fight recklessly!
Firing (i - inventory):
d - 154 arrows (quivered)
Press: ? - help, Shift-Dir - straight line, f/p - yaktaur captain
Aim: a yaktaur captain, wielding an arbalest (lightly wounded)
You shoot an arrow. The arrow hits the yaktaur captain.
The yaktaur captain is lightly wounded.
The yaktaur captain shoots a bolt.
The bolt hits you!!
You die...

.##.# .###...#####.. .8.#
....... #.. .(.##.###...
#.. c.#...)#... ###..
8.#..# #... #....
##...##(#...###....
##..(((.............
###.###.....# ..###....
..$......@.(# ....#....
#########....###
..........
...............#
..........
##.............#
####...... #.............#
#####..
#.............########....
######..............##....
#..................##....
#........).........####..


You could see a yaktaur captain.

Vanquished Creatures
  2 two-headed ogres (D:7)
  Menkaure (D:7)
  5 orc warriors
  A phantom (D:7)
  A necrophage (D:6)
  An ice beast (D:8)
  4 ogres
  3 centaurs
  A big kobold (D:7)
  Blork the orc (D:6)
  3 bullfrogs (D:6)
  4 scorpions
  12 wights
  4 howler monkeys
  A bullfrog zombie (D:8)
  A centaur zombie (D:7)
  6 orc priests
  A bullfrog skeleton (D:4)
  2 centaur skeletons (D:4)
  A gnoll shaman (D:6)
  6 hounds
  2 jellies (D:8)
  7 orc wizards
  5 iguanas
  Ijyb (D:3)
  4 worker ants
  5 adders
  4 gnolls (D:6)
  2 shadow imps
  An ooze (D:2)
  2 adder zombies
  A worm (D:2)
  3 dart slugs (D:1)
  6 leopard geckos
  24 orcs
  3 ball pythons
  7 bats
  4 giant cockroaches
  8 goblins
  12 hobgoblins
  12 jackals
  A quokka (D:8)
  5 frilled lizards
  A jackal skeleton (D:6)
  12 kobolds
  5 leopard gecko skeletons
  A quokka skeleton (D:4)
  7 rats
206 creatures vanquished.

Notes
Turn   | Place    | Note
-------+----------+-------------------------------------------
     0 | D:1      | snakesoul the Centaur Hunter began the quest for the Orb.
     0 | D:1      | Reached XP level 1. HP: 17/17 MP: 1/1
   175 | D:1      | Reached XP level 2. HP: 24/25 MP: 2/2
   284 | D:1      | Reached skill level 6 in Bows
   387 | D:1      | Reached XP level 3. HP: 8/30 MP: 3/3
  1232 | D:2      | Reached XP level 4. HP: 24/38 MP: 4/4
  2066 | D:3      | Noticed a centaur
  2565 | D:3      | Killed a centaur
  2565 | D:3      | Reached skill level 1 in Polearms
  2565 | D:3      | Reached skill level 7 in Bows
  2565 | D:3      | Reached XP level 5. HP: 15/45 MP: 5/5
  2913 | D:3      | Noticed Ijyb
  2915 | D:3      | Noticed a centaur
  2980 | D:3      | Killed Ijyb
  3017 | D:3      | Killed a centaur
  3017 | D:3      | Reached skill level 8 in Bows
  3017 | D:3      | Reached XP level 6. HP: 18/52 MP: 6/6
  3304 | D:3      | Found a basalt altar of Yredelemnul.
  3605 | D:4      | Found a white marble altar of Elyvilon.
  3865 | D:4      | Reached skill level 9 in Bows
  3865 | D:4      | Reached XP level 7. HP: 43/59 MP: 7/7
  4213 | D:4      | Found an opulent altar of Gozag.
  4379 | D:5      | Entered Level 5 of the Dungeon
  4468 | D:5      | You fall through a shaft for 2 floors!
  4527 | D:7      | Reached skill level 10 in Bows
  4723 | D:6      | Found an iron altar of Okawaru.
  4731 | D:6      | Became a worshipper of Warmaster Okawaru
  4925 | D:7      | Reached skill level 5 in Fighting
  5025 | D:6      | Reached XP level 8. HP: 58/68 MP: 8/8
  5266 | D:6      | Reached skill level 11 in Bows
  5321 | D:6      | Reached * piety under Okawaru
  6375 | D:6      | Reached ** piety under Okawaru
  6407 | D:6      | Reached skill level 12 in Bows
  6407 | D:6      | Reached XP level 9. HP: 77/77 MP: 9/9
  6602 | D:6      | Noticed Blork the orc
  6610 | D:6      | Killed Blork the orc
  6675 | D:6      | Reached skill level 5 in Polearms
  6689 | D:6      | Found a shimmering altar of Xom.
  6691 | D:6      | Found a burning altar of Makhleb.
  6691 | D:6      | Found a snail-covered altar of Cheibriados.
  6693 | D:6      | Found a deep blue altar of Sif Muna.
  6693 | D:6      | Found a glowing silver altar of Zin.
  6693 | D:6      | Found a basalt altar of Yredelemnul.
  7472 | D:7      | Found a deep blue altar of Sif Muna.
  7608 | D:7      | Noticed Menkaure
  7622 | D:7      | Killed Menkaure
  8065 | D:7      | Reached *** piety under Okawaru
  8065 | D:7      | Received a gift from Okawaru
  8159 | D:7      | Found a staircase to the Ecumenical Temple.
  8312 | D:8      | Reached skill level 13 in Bows
  8383 | D:8      | Noticed a two-headed ogre
  8414 | D:8      | Noticed a two-headed ogre
  8439 | D:7      | Killed a two-headed ogre
  8842 | D:7      | Killed a two-headed ogre
  8842 | D:7      | Reached **** piety under Okawaru
  8842 | D:7      | Received a gift from Okawaru
  8842 | D:7      | Reached skill level 14 in Bows
  8842 | D:7      | Reached XP level 10. HP: 28/88 MP: 10/10
  9596 | D:8      | Received a gift from Okawaru
 10013 | D:8      | Noticed a yaktaur captain
 10024 | D:8      | Shot with a bolt by a yaktaur captain

Vault maps used:
D:1:      minmay_arrival_shattered_statue
D:3:      yredelemnul_altar_generic, serial_corexii_hall,
          corexii_hall_statues_x, corexii_hall_statues_l, first_bread, uniq_iyjb
D:4:      nicolae_gozag_cash_rules_everything_around_me,
          overflow_temple_1_default
D:5:      uniq_grinder
D:6:      nicolae_overflow_hidden_temple, hangedman_decor_slide_cut,
          doesnt_xom_only_xom, uniq_blork_the_orc
D:7:      kennysheep_orc_sif_temple, mumra_transporter_accident, minivault_26,
          uniq_menkaure
D:8:      blue_anna_alchemist, jmf_multi_god_temple

Skill      XL: |  1  2  3  4  5  6  7  8  9 10 |
---------------+-------------------------------+-----
Bows           | 6 7 8 9 10 12 14 | 14.5
Fighting       | 3 4 5 6 7 8 |  8.1
Polearms       | 1 2 3 4 6 |  6.6
Dodging        | |  1.3
Stealth        | |  0.4

Action                   |  1- 3 |  4- 6 |  7- 9 | 10-12 || total
-------------------------+-------+-------+-------+-------++-------
Melee: Shortbow          |    31 |       |       |       ||    31
       Kick              |    26 |    23 |    45 |     3 ||    97
       Short sword       |    89 |       |       |       ||    89
       Spear             |       |   116 |   171 |       ||   287
       Trident           |       |       |   170 |    30 ||   200
 Fire: Shortbow          |    52 |    69 |   224 |   111 ||   456
Invok: Heroism           |       |       |       |     1 ||     1
  Use: Scroll            |       |     1 |       |       ||     1
  Eat: Chunk             |     1 |     5 |    13 |     4 ||    23
       Pizza             |       |     1 |       |       ||     1
Armor: Leather armour    |    74 |       |       |       ||    74
       Chain mail        |       |    15 |       |       ||    15
       Ring mail         |       |    22 |    62 |     7 ||    91
Dodge: Dodged            |   118 |    65 |   130 |    15 ||   328
